 Dungeon Crawl Stone Soup version 0.31-a0-1074-g0b22e4e0f1 (webtiles) character file.

Game seed: 2850654086483323910

4606 Dittersdorf the Protected (level 10, -4/65 HPs)
             Began as a Gargoyle Fighter on Nov 28, 2023.
             Was an Initiate of Gozag.
             Killed by divine providence
             ... invoked by an orc priest
              (10 damage)
             ... on level 9 of the Dungeon.
             The game lasted 00:15:06 (10651 turns).

Dittersdorf the Protected (Gargoyle Fighter)       Turns: 10651, Time: 00:15:06

Health: -4/65      AC: 31    Str: 31    XL:     10   Next: 42%
Magic:  10/10      EV: 23    Int: 10    God:    Gozag
Gold:   746        SH:  7    Dex: 17    Spells: 9/9 levels left

rFire   + . .        u - +4 morningstar (freeze)
rCold   . . .        c - +0 buckler
rNeg    + . .        B - +0 plate armour
rPois   ∞            p - +0 helmet of Sunlight {rF+ Int+2 Dex+5}
rElec   +            s - +1 cloak {rPois}
rCorr   +            a - +4 pair of gloves of the Morning Star {rCorr Dex+3 SInv}
SInv    +            n - +0 pair of boots
Will    .....        A - amulet of the acrobat Stlth
                     y - +6 ring of strength
HPRegen 0.30/turn    (no ring)
MPRegen 0.12/turn

%: acrobat
@: acrobatic
A: sickness immunity, AC +7, negative energy resistance 1, electricity
resistance, torment resistance 1, petrification resistance
a: Renounce Religion, Potion Petition, Call Merchant, Bribe Branch


You were on level 9 of the Dungeon.
You worshipped Gozag.
Gozag was pleased with you.
You visited 1 branch of the dungeon, and saw 9 of its levels.

You collected 882 gold pieces.
You paid 136 gold pieces to Gozag.

Inventory:

Hand Weapons
 u - a +4 morningstar of freezing (weapon)
Missiles
 w - a throwing net
Armour
 a - the +4 pair of gloves of the Morning Star (worn) {rCorr Dex+3 SInv}
   (You acquired it on level 5 of the Dungeon)

   Dex+3:     It affects your dexterity (+3).
   SInv:      It lets you see invisible.
   rCorr:     It protects you from acid and corrosion.
 c - a +0 buckler (worn)
 n - a +0 pair of boots (worn)
 p - the +0 helmet of Sunlight (worn) {rF+ Int+2 Dex+5}
   (You took it off Robin on level 3 of the Dungeon)

   Int+2:     It affects your intelligence (+2).
   Dex+5:     It affects your dexterity (+5).
   rF+:       It protects you from fire.
 s - a +1 cloak of poison resistance (worn)
 B - a +0 plate armour (worn)
Jewellery
 t - a ring of fire
 y - a +6 ring of strength (left hand)
 A - an amulet of the acrobat (around neck)
Wands
 g - a wand of iceblast (7)
 v - a wand of flame (33) (quivered)
Scrolls
 h - a scroll of teleportation
 k - a scroll of blinking
 l - 7 scrolls of revelation
 z - a scroll of fear
Potions
 d - 2 potions of might
 e - a potion of enlightenment
 f - 3 potions of heal wounds
 i - a potion of ambrosia
 j - 4 potions of curing
 m - a potion of brilliance
 o - 3 potions of haste
 q - a potion of resistance
 r - a potion of invisibility


   Skills:
 + Level 8.9 Fighting
 + Level 7.7 Maces & Flails
 + Level 8.9 Armour
 + Level 8.8 Shields


You had 9 spell levels left.
You didn't know any spells.
Your spell library contained the following spells:

 Spells                   Type           Power      Damage    Failure   Level
 Apportation              Tloc           0%         N/A       97%         1
 Necrotise                Necr           0%         1d4       97%         1
 Summon Small Mammal      Summ           0%         N/A       97%         1
 Blink                    Tloc           0%         N/A       99%         2
 Lesser Beckoning         Tloc           0%         N/A       99%         2
 Momentum Strike          Conj/Tloc      0%         3d8       99%         2
 Inner Flame              Hex/Fire       0%         N/A       100%        3
 Tukima's Dance           Hex            0%         N/A       100%        3
 Dimensional Bullseye     Hex/Tloc       0%         N/A       100%        4
 Flame Wave               Conj/Fire      0%         2d4       100%        4
 Iskenderun's Mystic Bla  Conj/Tloc      0%         2d3       100%        4
 Sticky Flame             Conj/Fire      0%         2d3       100%        4


Dungeon Overview and Level Annotations

Branches:
Dungeon (9/15)             Temple (0/1) D:7             Orc (0/2) D:9
   Lair: D:8-11

Altars:
Fedhas
Gozag
Hepliaklqana
Makhleb
Nemelex Xobeh
Ru
Sif Muna
Uskayaw
Wu Jian
Xom
Yredelemnul
Zin
The Shining One

Shops:
D:2 *


Innate Abilities, Weirdness & Mutations

You are immune to sickness and miasma.
Your stone body is resilient. (AC +7)
You are immune to poison.
You resist negative energy. (rN+)
You are resistant to electric shocks. (rElec)
You are resistant to unholy torment.
You are immune to petrification.


Message History

The orc priest hits you with a +0 hand axe.
The orc hits you but does no damage. You block the orc's attack.
The orc warrior hits you but does no damage.
You hear a shout!
You are too injured to fight recklessly!
You are too injured to fight recklessly!
You are too injured to fight recklessly!
You are too injured to fight recklessly!
You are too injured to fight recklessly!
You are too injured to fight recklessly!
You are too injured to fight recklessly!
You are too injured to fight recklessly!
You are too injured to fight recklessly!
You are too injured to fight recklessly!
You are too injured to fight recklessly!
You are too injured to fight recklessly!
You are too injured to fight recklessly!
You are too injured to fight recklessly!
You are too injured to fight recklessly!
You are too injured to fight recklessly!
You are too injured to fight recklessly!
The orc priest invokes the aid of Beogh against you.
You struggle to resist.
You block the orc's attack. x2
The orc attacks as it pursues you! The orc closely misses you.
The orc attacks as it pursues you! You block the orc's attack.
The orc priest calls down the wrath of Beogh upon you.
Beogh smites you!
* * * LOW HITPOINT WARNING * * *
The orc attacks as it pursues you! You block the orc's attack.
The orc attacks as it pursues you! The orc misses you.
The orc priest looks satisfied for a moment.
The orc priest calls down the wrath of Beogh upon you.
Beogh smites you!
* * * LOW HITPOINT WARNING * * *
The orc attacks as it pursues you! You block the orc's attack.
The orc attacks as it pursues you! The orc hits you but does no damage.
The orc priest calls down the wrath of Beogh upon you.
Beogh smites you!
You die...
Your body crumbles into a pile of gold.

#.# ... #.# >.. #.# ... #.#
!.. #.# .
#.################ #######
#.##......#..##..# #......
#.##...#..#..##..####..#o.#
#.........@.o..o.o.........
###########################


You could see an orc warrior, an orc priest and an orc.

Vanquished Creatures
  Joseph (D:8)
  The ghost of odbg100 the Cleaver, an amateur HOFi (D:4)
  A hornet (D:9)
  A wraith (D:8)
  A vampire (D:8)
  Eustachio (D:5)
  An acid dragon (D:8)
  A water moccasin (D:7)
  Duvessa (D:7)
  4 orc warriors
  A sky beast (D:7)
  An ice beast (D:8)
  2 black bears (D:6)
  2 ogres
  The ghost of Moreman the Covered, an amateur AtFi (D:3)
  2 centaurs
  A phantom (D:5)
  2 bullfrogs
  4 scorpions
  6 wights
  Dowan (D:7)
  2 hounds (D:6)
  5 orc priests
  Crazy Yiuf (D:6)
  2 gnoll boudas
  3 iguanas (D:6)
  Jessica (D:2)
  Natasha (thrice) (D:2)
  6 orc wizards
  A hound zombie (D:4)
  A scorpion simulacrum (D:3)
  Robin (D:3)
  24 gnolls
  8 adders
  A hound simulacrum (D:3)
  2 shadow imps (D:6)
  4 ufetubi
  An adder zombie (D:4)
  3 worms
  A dart slug (D:2)
  3 adder simulacra (D:3)
  43 orcs
  7 ball pythons
  7 endoplasms
  4 giant cockroaches
  10 goblins
  9 hobgoblins
  4 jackals (D:5)
  5 bats
  4 frilled lizards
  12 kobolds
  A quokka simulacrum (D:3)
  3 rats
218 creatures vanquished.

Vanquished Creatures (others)
  A wight (D:7)
1 creature vanquished.

Grand Total: 219 creatures vanquished

Notes
Turn   | Place    | Note
-------+----------+-------------------------------------------
     0 | D:1      | Dittersdorf the Gargoyle Fighter began the quest for the
                  | Orb.
     0 | D:1      | Reached XP level 1. HP: 14/14 MP: 1/1
   118 | D:1      | Reached XP level 2. HP: 4/19 MP: 2/2
   791 | D:2      | Reached XP level 3. HP: 21/24 MP: 3/3
   849 | D:2      | Noticed Jessica
   857 | D:2      | Killed Jessica
  1094 | D:2      | Found Xetz's General Store.
  1110 | D:2      | Reached XP level 4. HP: 17/29 MP: 4/4
  1534 | D:2      | Noticed Natasha
  1542 | D:2      | Killed Natasha
  1645 | D:2      | Found Xetz's General Store.
  1651 | D:2      | Noticed Natasha
  1666 | D:2      | Killed Natasha
  2098 | D:2      | Noticed Natasha
  2107 | D:2      | Killed Natasha
  2108 | D:2      | Reached XP level 5. HP: 20/33 MP: 5/5
  2885 | D:3      | Noticed Moreman's ghost (amateur AtFi)
  2912 | D:3      | Found a runed translucent gate.
  2912 | D:3      | Found a runed translucent gate.
  2912 | D:3      | Found a runed translucent gate.
  3030 | D:3      | Identified the +0 helmet of Sunlight {rF+ Int+2 Dex+5}
  3030 | D:3      | Noticed Robin
  3031 | D:3      | Found a burning altar of Makhleb.
  3064 | D:3      | Reached XP level 6. HP: 15/39 MP: 6/6
  3074 | D:3      | Killed Robin
  3889 | D:4      | Identified the +5 short sword of a bailey {freeze, rC+
                  | Dex+3}
  3957 | D:4      | Found a sacrificial altar of Ru.
  3957 | D:4      | Found a glowing golden altar of the Shining One.
  4353 | D:3      | Reached skill level 5 in Armour
  4402 | D:4      | Reached skill level 5 in Fighting
  4402 | D:4      | Reached skill level 5 in Shields
  4402 | D:4      | Reached XP level 7. HP: 29/44 MP: 7/7
  4979 | D:4      | Found a runed translucent gate.
  4979 | D:4      | Found a runed translucent gate.
  4979 | D:4      | Found a runed translucent gate.
  4979 | D:4      | Noticed odbg100's ghost (amateur HOFi)
  4981 | D:4      | Found a basalt altar of Yredelemnul.
  5207 | D:5      | Entered Level 5 of the Dungeon
  5492 | D:5      | Identified a scroll of acquirement
  5492 | D:5      | Acquired the +4 pair of gloves of the Morning Star {rCorr
                  | Dex+3 SInv}
  5749 | D:5      | Noticed Eustachio
  5770 | D:5      | Killed Eustachio
  6023 | D:5      | Found an ornate altar of the Wu Jian Council.
  6139 | D:5      | Reached XP level 8. HP: 49/51 MP: 8/8
  6472 | D:6      | Reached skill level 5 in Maces & Flails
  6482 | D:6      | Found a blossoming altar of Fedhas.
  6747 | D:6      | Found a hazy altar of Hepliaklqana.
  6927 | D:6      | Found a runed translucent door.
  6928 | D:6      | Noticed Crazy Yiuf
  6971 | D:6      | Reached XP level 9. HP: 41/56 MP: 9/9
  7374 | D:6      | Killed Crazy Yiuf
  7540 | D:3      | Killed Moreman's ghost
  7656 | D:4      | Killed odbg100's ghost
  7853 | D:7      | Found a glowing silver altar of Zin.
  7856 | D:7      | Found a shimmering blue altar of Sif Muna.
  7859 | D:7      | Found an opulent altar of Gozag.
  7863 | D:7      | Became a worshipper of Gozag Ym Sagoz the Greedy
  7869 | D:7      | Found a hide-covered altar of Uskayaw.
  7899 | D:7      | Found a shimmering altar of Xom.
  7900 | D:7      | Found a shimmering altar of Xom.
  7900 | D:7      | Found a shimmering altar of Xom.
  7900 | D:7      | Found a shimmering altar of Xom.
  7900 | D:7      | Found a shimmering altar of Xom.
  7901 | D:7      | Found a shimmering altar of Xom.
  7901 | D:7      | Found a shimmering altar of Xom.
  7901 | D:7      | Found a shimmering altar of Xom.
  7901 | D:7      | Found a shimmering altar of Xom.
  7901 | D:7      | Found a shimmering altar of Xom.
  8232 | D:7      | Found a sparkling altar of Nemelex Xobeh.
  8299 | D:7      | Noticed a lindwurm
  8458 | D:7      | Noticed a glowing orange brain
  8500 | D:7      | Noticed Duvessa
  8501 | D:7      | Noticed Dowan
  8507 | D:7      | Killed Duvessa
  8539 | D:7      | Killed Dowan
  8554 | D:7      | Found a staircase to the Ecumenical Temple.
  8603 | D:7      | Noticed a lindwurm
  8604 | D:7      | Noticed a boulder beetle
  9084 | D:8      | Noticed Joseph
  9102 | D:8      | Killed Joseph
  9103 | D:8      | Reached XP level 10. HP: 50/65 MP: 10/10
  9768 | D:7      | Noticed a water nymph
 10614 | D:9      | Found a staircase to the Orcish Mines.
 10639 | D:9      | HP: 3/65 [orc priest/divine providence (15)]
 10651 | D:9      | Killed from afar by an orc priest

Illustrated notes

Levels and vault maps discovered:
D:1:      lightli_arrival_boilingwater, layout_rooms,
          chequers_serial_rivers_marsh, minmay_misc_feat_enclosed
D:2:      layout_basic, serial_shops, shop, uniq_jessica, uniq_natasha
D:3:      layout_loops_ring, lemuel_tele_altar, gammafunk_ghost_icy, uniq_robin
D:4:      cheibrodos_pilgrimage, layout_basic, nicolae_yredelemnul_ghost_church,
          chequers_temple_overflow_statue_of_worship,
          hangedman_decor_peaks_small
D:5:      layout_gridville, nzn_wu_jian_contemplation, skrybe_limestone_x,
          nicolae_grassy_gnolls, uniq_eustachio
D:6:      layout_cave_pools, amcnicky_altar_gilded, fedhas_altar_1,
          serial_rivers, chequers_serial_rivers_small_a,
          chequers_serial_rivers_micro_d, chequers_serial_rivers_micro_a,
          chequers_serial_rivers_micro_b, grunt_ministairs_4,
          amcnicky_mini_corridor_feature, uniq_crazy_yiuf_cottage
D:7:      layout_loops_ring, xom_shifter_show, grunt_temple_overflow_cloverleaf,
          nemelex_xobeh_ov_fountains_minmay, lemuel_temple_firewalk_a,
          grunt_ministairs_9, uniq_duvessa
D:8:      layout_loops_corners, special_room [special_room_orc], uniq_joseph
D:9:      layout_stronghold, erik_orc_1, uniq_erolcha

Skill      XL: |  1  2  3  4  5  6  7  8  9 |
---------------+----------------------------+-----
Fighting       | 4 5 6 8 |  8.9
Armour         | 4 5 6 8 |  8.9
Shields        | 4 5 6 8 |  8.8
Maces & Flails | 3 4 5 7 |  7.7

Action                     |  1- 3 |  4- 6 |  7- 9 | 10-12 || total
---------------------------+-------+-------+-------+-------++-------
  Melee: Flail             |    80 |   205 |   309 |    88 ||   682
         Morningstar       |       |    16 |    52 |    17 ||    85
  Evoke: Wand              |       |       |    11 |       ||    11
    Use: Scroll            |       |       |    16 |     7 ||    23
 Armour: Scale mail        |    55 |   175 |       |       ||   230
         Chain mail        |       |    53 |   416 |    39 ||   508
         Plate armour      |       |       |       |    46 ||    46
  Dodge: Dodged            |    37 |   125 |   220 |    53 ||   435
  Block: Buckler           |    17 |    74 |   166 |    41 ||   298

Table legend: (Time is in decaauts)
 A = Elapsed time spent in this place.
 B = Non-inter-level travel time spent in this place.
 C = Inter-level travel time spent in this place.
 D = Time resting spent in this place.
 E = Time spent auto-exploring this place.
 F = Levels seen in this place.
 G = Mean time per level.
                   A        B        C        D        E       F      G
               +--------+--------+--------+--------+--------+-----+--------+
         Total |  10825 |  10288 |    537 |    916 |   7472 |   9 | 1202.8 |
       Dungeon |  10825 |  10288 |    537 |    916 |   7472 |   9 | 1202.8 |
               +--------+--------+--------+--------+--------+-----+--------+

Top non-repeatable levels by time:
     D:2: 2006 daAuts
     D:4: 1601 daAuts
     D:3: 1457 daAuts
     D:7: 1367 daAuts
     D:5: 1329 daAuts
     D:8: 1230 daAuts
     D:6: 1008 daAuts
     D:1: 594 daAuts
     D:9: 228 daAuts
